 Dungeon Crawl Stone Soup version 0.21.1-1-g345015fe64 (webtiles) character file.

1740 Mrkan the Grappler (level 8, -3/87 HPs)
             Began as a Troll Monk on May 10, 2018.
             Was a Follower of Ru.
             Slain by a bullfrog (6 damage)
             ... on level 6 of the Dungeon.
             The game lasted 00:10:33 (4167 turns).

Mrkan the Grappler (Troll Monk)                     Turns: 4167, Time: 00:10:33

Health: -3/87      AC:  6    Str: 20    XL:     8   Next: 77%
Magic:  7/7        EV:  9    Int:  6    God:    Ru [*.....]
Gold:   219        SH:  0    Dex: 14    Spells: 7/7 levels left

rFire    . . .     SeeInvis .     - Unarmed
rCold    . . .     Gourm    +   (no shield)
rNeg     . . .     Faith    .   a - +1 robe
rPois    .         Spirit   .   (helmet restricted)
rElec    .         Reflect  .   (no cloak)
rCorr    .         Harm     .   (gloves unavailable)
MR       .....                  (boots unavailable)
Stlth    ++........             m - amulet of rage
HPRegen  0.64/turn              (no ring)
MPRegen  0.10/turn              (no ring)

@: berserk cooldown, slowed, very slow
A: large, unfitting armour, claws 3, fast metabolism 3, gourmand, regeneration
1, shaggy fur 1, tough skin 2, inability to train dodging
a: Renounce Religion, Evoke Berserk Rage


You were on level 6 of the Dungeon.
You worshipped Ru.
Ru was aware of your devotion.
You were full.

You visited 2 branches of the dungeon, and saw 7 of its levels.

You collected 219 gold pieces.

Inventory:

Armour
 a - a +1 robe (worn)
Jewellery
 m - an amulet of rage (around neck)
 n - an uncursed amulet of regeneration {unknown}
 o - a cursed ring of protection from fire
 p - an uncursed ring of see invisible {unknown}
 r - an uncursed amulet of magic regeneration {unknown}
 w - an uncursed ring of wizardry {unknown}
Wands
 h - a wand of flame (30)
 s - a wand of random effects (17)
Scrolls
 c - 2 scrolls of teleportation {unknown}
 e - 4 scrolls of identify
 g - 3 scrolls of remove curse
 l - 3 scrolls of blinking
 t - a scroll of enchant armour
 u - a scroll of magic mapping
 v - a scroll of fog {unknown}
Potions
 d - 3 potions of curing {unknown}
 f - 2 potions of magic {unknown}
 i - a potion of agility {unknown}
 j - 3 potions of flight {unknown}
 k - a potion of brilliance {unknown}
 q - 2 potions of mutation {unknown}
Comestibles
 b - 10 rations


   Skills:
 * Level 7.3 Fighting
 - Level 1.2 Stealth
 - Level 8.1 Unarmed Combat


You had 7 spell levels left.
You didn't know any spells.

Dungeon Overview and Level Annotations

Branches:
Dungeon (6/15)             Temple (1/1) D:5

Altars:
Ashenzari
Cheibriados
Dithmenos
Elyvilon
Fedhas
Gozag
Hepliaklqana
Kikubaaqudgha
Makhleb
Nemelex Xobeh
Okawaru
Qazlal
Ru
Sif Muna
Trog
Uskayaw
Vehumet
Wu Jian
Xom
Yredelemnul
Zin
The Shining One

Shops:
D:5 (


Innate Abilities, Weirdness & Mutations

You are too large for most types of armour.
You have claws for hands.
Your metabolism is lightning-fast.
You like to eat raw meat.
Your natural rate of healing is unusually fast.
You are covered in fur. (AC +1)
You have very tough skin. (AC +2)
You cannot train Dodging skill.


Message History

The orc throws a stone.
The stone hits you but does no damage. The orc barely misses you.
You see here 2 tomahawks.
You feel a strong urge to attack something.
The orc throws a stone.
The stone hits you but does no damage.
You see here a stone.
You see here 2 tomahawks.
You barely miss the orc.
You kill the orc!
The bullfrog releases a deep croak.
You closely miss the bullfrog.
You are no longer berserk.
You are exhausted.
You feel yourself slow down. The bullfrog hits you.
* * * LOW HITPOINT WARNING * * *
The orc closely misses you.
You mangle the bullfrog!!
The bullfrog is almost dead.
The bullfrog hits you.
You die...

.. .... ......... #.
#..##.......(....[
#.#####.........#.. ...
. #.....#...........##..
.. .<..)...###..#....#.<
.# #<........# #...#.#
.$##
#........####.....#.....
#........#..†o##o#...#
.............##(@Fo†...#
###........###..###....#
#........# #..# .#.(...
#.......###.... .. #...
#.......# ###.# #.. ..
#........ #.. ... .
#.......## ... .##.
..####### #.# ## ..


You could see a bullfrog and 3 orcs.

Vanquished Creatures
  Edmund (D:6)
  2 sky beasts (D:5)
  An ice beast (D:5)
  3 ogres
  A centaur (D:5)
  A bullfrog (D:6)
  A scorpion (D:6)
  A wyvern skeleton (D:6)
  A howler monkey (D:5)
  2 hounds
  An orc priest (D:3)
  A jelly (D:5)
  8 orc wizards
  A centaur skeleton (D:5)
  An iguana (D:6)
  Ijyb (D:3)
  Natasha (twice) (D:3)
  5 worker ants
  A hound skeleton (D:5)
  4 adders
  A shadow imp (D:5)
  2 oozes
  An adder zombie (D:5)
  A worm (D:2)
  A dart slug (D:2)
  2 leopard geckos
  25 orcs
  12 bats
  2 giant cockroaches (D:1)
  7 goblins
  3 hobgoblins
  5 jackals (D:2)
  6 quokkas
  3 ball pythons
  14 frilled lizards
  A giant cockroach zombie (D:5)
  12 kobolds
  A quokka skeleton (D:5)
  5 rats
143 creatures vanquished.

Notes
Turn   | Place    | Note
-------+----------+-------------------------------------------
     0 | D:1      | Mrkan the Troll Monk began the quest for the Orb.
     0 | D:1      | Reached XP level 1. HP: 22/22 MP: 0/0
   155 | D:1      | Reached XP level 2. HP: 29/29 MP: 1/1
   674 | D:2      | Reached XP level 3. HP: 32/36 MP: 2/2
   861 | D:2      | Found a shimmering altar of Xom.
   891 | D:2      | Reached skill level 4 in Unarmed Combat
  1090 | D:2      | Reached XP level 4. HP: 43/44 MP: 3/3
  1596 | D:3      | Reached skill level 5 in Unarmed Combat
  1620 | D:3      | Reached XP level 5. HP: 22/50 MP: 4/4
  1896 | D:3      | Noticed Natasha
  1910 | D:3      | Killed Natasha
  1911 | D:3      | Noticed Ijyb
  1941 | D:3      | Killed Ijyb
  1941 | D:3      | Reached skill level 6 in Unarmed Combat
  2093 | D:3      | Noticed Natasha
  2116 | D:3      | Killed Natasha
  2116 | D:3      | Reached XP level 6. HP: 51/59 MP: 5/5
  2366 | D:4      | Reached skill level 7 in Unarmed Combat
  2546 | D:4      | Reached XP level 7. HP: 62/66 MP: 6/6
  2712 | D:4      | Reached skill level 8 in Unarmed Combat
  2873 | D:5      | Entered Level 5 of the Dungeon
  2879 | D:5      | Found a staircase to the Ecumenical Temple.
  3112 | Temple   | Entered the Ecumenical Temple
  3267 | Temple   | Became a worshipper of Ru the Awakened
  3269 | Temple   | Gained mutation: You cannot train Dodging skill. [Ru sacrifice]
  3269 | Temple   | Reached * piety under Ru
  3394 | D:5      | Reached XP level 8. HP: 72/79 MP: 7/7
  3533 | D:5      | Reached skill level 5 in Fighting
  3811 | D:5      | Found Pafina's Antique Weapon Boutique.
  4135 | D:6      | Noticed Edmund
  4154 | D:6      | Killed Edmund
  4157 | D:6      | HP: 6/130 [bullfrog (3)]
  4158 | D:6      | HP: 2/130 [bullfrog (4)]
  4166 | D:6      | HP: 3/87 [bullfrog (2)]
  4167 | D:6      | Slain by a bullfrog

Skill      XL: |  1  2  3  4  5  6  7  8 |
---------------+-------------------------+-----
Unarmed Combat | 4 5 6 7 8 |  8.1
Fighting       | 4 7 |  7.3
Dodging        | 0 |  0.0
Stealth        | |  1.2

Action                   |  1- 3 |  4- 6 |  7- 9 || total
-------------------------+-------+-------+-------++-------
Melee: Unarmed           |   126 |   165 |   137 ||   428
       Punch             |     1 |     2 |    10 ||    13
Invok: Sacrifice Nimblen |       |       |     1 ||     1
 Abil: Evoke Berserk Rag |       |       |     1 ||     1
  Use: Scroll            |       |     9 |       ||     9
 Stab: Sleeping          |     2 |     6 |       ||     8
  Eat: Chunk             |    15 |    14 |    12 ||    41
Armor: Robe              |    61 |    35 |    39 ||   135
Dodge: Dodged            |    92 |    79 |    63 ||   234
